 Dungeon Crawl Stone Soup version 0.19.1-1-g22dce08 (webtiles) character file.

68717 galech the Protected (level 14, -4/139 HPs)
             Began as a Deep Dwarf Fighter on Dec 27, 2016.
             Was the Champion of Makhleb.
             Killed from afar by a shock serpent (27 damage)
             ... with a bolt of electricity
             ... on level 1 of the Snake Pit on Dec 28, 2016.
             The game lasted 01:49:02 (17770 turns).

galech the Protected (Deep Dwarf Fighter)          Turns: 17770, Time: 01:49:02

Health: -4/139     AC: 24    Str: 22    XL:     14   Next: 87%
Magic:  2/2        EV: 10    Int: 11    God:    Makhleb [******]
Gold:   754        SH: 23    Dex: 18    Spells: 0 memorised, 13 levels left

rFire  . . .     SeeInvis +     O - +1 war axe (flame)
rCold  . . .     Gourm    .     g - +0 plate armour
rNeg   + . .     Faith    .     T - +0 large shield
rPois  .         Spirit   .     Y - +1 hat {Int+3}
rElec  .         Reflect  +     r - +0 cloak
rCorr  .         Harm     .     H - +1 pair of gloves
MR     ++...     Rnd*Rage +     b - +1 pair of boots
Stlth  ..........               K - +3 amulet of reflection
                                Q - +4 ring of evasion
                                B - +1 ring of evasion

@: non-regenerating, studying Polearms
A: damage resistance, recharge devices, fangs 1, horns 1, see invisible, agile
1, berserk 1, negative energy resistance 1, sense surroundings 2, slow
regeneration 3
a: Device Recharging, Minor Destruction, Lesser Servant of Makhleb, Major
Destruction, Greater Servant of Makhleb, Renounce Religion


You were on level 1 of the Snake Pit.
You worshipped Makhleb.
Makhleb was exalted by your worship.
You were not hungry.

You visited 5 branches of the dungeon, and saw 21 of its levels.
You also visited: Sewer and Volcano.

You collected 2134 gold pieces.
You spent 1380 gold pieces at shops.

Inventory:

Hand Weapons
 y - a +0 broad axe
 O - a +1 war axe of flaming (weapon)
Armour
 b - a +1 pair of boots (worn)
 g - a +0 plate armour (worn)
 r - a +0 cloak (worn)
 E - the +1 chain mail of the Frog {+Inv rC+ Dex-5}
   (You found it on level 3 of the Lair of Beasts)

   It affects your dexterity (-5).
   It protects you from cold.
   It lets you turn invisible.
 H - a +1 pair of gloves (worn)
 T - a +0 large shield (worn)
 Y - a +1 hat of intelligence (worn)
Jewellery
 B - a +1 ring of evasion (left hand)
 K - a +3 amulet of reflection (around neck)
 N - an uncursed ring of protection from magic
 Q - a +4 ring of evasion (right hand)
 S - an uncursed ring of stealth
 U - an uncursed ring of ice
Wands
 e - a wand of heal wounds (4/9)
 l - a wand of polymorph (10/24)
 w - a wand of acid (7/15)
 D - a wand of teleportation (2/9)
Scrolls
 c - a scroll of summoning
 h - 7 scrolls of remove curse
 q - 9 scrolls of enchant armour {unknown}
 v - 9 scrolls of teleportation {unknown}
 A - 2 scrolls of magic mapping
 G - 2 scrolls of blinking
 I - 2 scrolls of enchant weapon
 P - 3 scrolls of fog
Potions
 d - 2 potions of might
 k - a potion of agility
 p - a potion of invisibility
 s - 4 potions of flight
 t - 4 potions of berserk rage
 u - a potion of mutation
 z - 8 potions of curing {unknown}
 C - 3 potions of resistance
 J - a potion of magic
 L - 2 potions of brilliance
 R - 3 potions of haste {unknown}
 W - 2 potions of cancellation
 X - 3 potions of cure mutation
Books
 a - a manual of Polearms
Comestibles
 f - 7 bread rations
 i - 7 meat rations
 j - 14 fruits
 n - 8 slices of pizza
 o - 4 beef jerkies
 V - a royal jelly


   Skills:
 + Level 12.4 Fighting
 + Level 14.3 Axes
 + Level 14.6 Armour
 + Level 14.5 Shields


You had 13 spell levels left.
You didn't know any spells.

Dungeon Overview and Level Annotations

Branches:
Dungeon (12/15)            Temple (1/1) D:4            Lair (5/6) D:8
  Swamp (0/4) Lair:4        Snake (1/4) Lair:3        Slime (0/5) Lair:5
    Orc (2/2) D:11            Elf (0/3) Orc:2

Altars:
Ashenzari
Cheibriados
Dithmenos
Fedhas
Gozag
Hepliaklqana
Kikubaaqudgha
Makhleb
Nemelex Xobeh
Okawaru
Qazlal
Ru
Sif Muna
Trog
Xom
Beogh
Jiyva

Shops:
D:4 :   D:7 *!*?   D:8 !   D:10 %   D:11 =!?*[   Orc:2 %}*}

Annotations:
D:8 galech's ghost, novice TrMo
D:9 exclusion: ice statue


Innate Abilities, Weirdness & Mutations

You are resistant to damage.
You can recharge devices by infusing magical energy.
You resist negative energy. (rN+)
You passively map the area around you.
You do not regenerate.
You have very sharp teeth.
You have a pair of small horns on your head.
You have supernaturally acute eyesight. (SInv)
You are agile. (Dex +2)
You tend to lose your temper in combat.


Message History

The shock serpent is heavily wounded.
You block the shock serpent's attack.
You slash the shock serpent! You burn the shock serpent.
Your headbutt misses the shock serpent.
You bite the shock serpent, but do no damage.
The shock serpent is severely wounded.
The shock serpent's electric aura discharges, shocking you!
The shock serpent bites you but does no damage.
You miss the shock serpent.
The shock serpent is severely wounded.
The shock serpent shoots out a bolt of lightning at you!
The bolt of electricity hits you! x2
* * * LOW HITPOINT WARNING * * *
The bolt of electricity hits the shock serpent.
The shock serpent completely resists.
The shock serpent shoots out a bolt of lightning at you!
The bolt of electricity hits you!
* * * LOW HITPOINT WARNING * * *
The bolt of electricity hits you!
You die...

.##...#..## ##....#### #........
...#..########..^..## #........
......####........#.### ###......
.......#.......#####..#####.#....
#....#.#........# ###......######
##......#.......###....###)# #
................##..##.# #### #
####†...........#..##..# #.# *#.
##......##.....S@####.## #.###..
#......####......# #.# #..##..
........# #......# #.# #..##..
........####.....# ##.# ###...##.
.........##......###..###..#....#
.....=......##....##.....####.###
............###.###.###.######.#
............##### #.# #.###....##
.............# #.###.##...####


You could see a shock serpent.

Vanquished Creatures
  Gastronok (D:9)
  Aizul (Snake:1)
  The ghost of Apogee the Bludgeoner, a journeyman MiFi of Okawaru (Lair:4)
  4 ogre magi (Orc:2)
  Fannar (Lair:1)
  5 hydras
  2 naga warriors (Snake:1)
  A centaur warrior (D:10)
  An anaconda (Snake:1)
  A death knight (D:12)
  2 orc high priests (Orc:2)
  2 shock serpents (Snake:1)
  A fire crab (Volcano)
  2 skeletal warriors (D:12)
  An unseen horror (D:11)
  An obsidian statue (D:9)
  A phantasmal warrior (D:12)
  A naga ritualist (Snake:1)
  A lindwurm (Volcano)
  Pikel (D:5)
  3 hill giants
  An orc knight (Orc:1)
  2 mana vipers (Snake:1)
  A salamander (Snake:1)
  A cyclops (D:11)
  3 elephants (Lair:4)
  2 ugly things
  A manticore (Lair:5)
  A guardian serpent (Snake:1)
  3 naga magi (Snake:1)
  Joseph (D:7)
  12 black mambas
  3 gargoyles
  8 spiny frogs
  9 rime drakes
  A freezing wraith (D:12)
  3 trolls
  A hornet (D:11)
  2 polar bears (Lair:4)
  2 tyrant leeches (Lair:4)
  15 two-headed ogres
  Prince Ribbit (D:4)
  7 dream sheep (Lair:4)
  11 blink frogs
  9 hippogriffs
  2 vampires (D:11)
  10 yaks
  4 wyverns
  3 hogs
  11 fire bats (Volcano)
  Eustachio (D:6)
  A human (D:7)
  Grum (D:10)
  2 wraiths
  7 basilisks
  2 hungry ghosts
  4 wargs
  A mottled dragon (D:9)
  2 swamp worms (Lair:4)
  12 nagas
  7 porcupines
  14 water moccasins
  Duvessa (D:7)
  5 hell hounds
  3 ice beasts
  3 sky beasts
  A hornet zombie (D:11)
  12 orc warriors
  A necrophage (D:11)
  2 phantoms
  A slave (D:5)
  5 wolves
  27 ogres
  A centaur (D:8)
  7 crocodiles
  2 big kobolds
  Blork the orc (D:5)
  14 bullfrogs
  Dowan (D:7)
  5 scorpions
  A wyvern skeleton (D:7)
  A water moccasin skeleton (D:6)
  4 wights
  6 howler monkeys
  7 lava snakes (Volcano)
  5 crimson imps
  A bullfrog zombie (D:11)
  6 hounds
  3 centaur skeletons
  A gnoll shaman (D:6)
  2 jellies
  14 orc priests
  14 orc wizards
  4 iguanas
  8 worker ants
  A hound skeleton (D:10)
  2 worker ant zombies
  A howler monkey zombie (D:6)
  17 adders
  37 gnolls
  2 river rats (D:3)
  4 shadow imps
  13 oozes
  An adder skeleton (D:8)
  A dart slug (D:4)
  2 worms
  21 leopard geckos
  50 orcs
  17 giant cockroaches
  10 goblins
  6 hobgoblins
  29 jackals
  3 quokkas (D:3)
  8 ball pythons
  5 bats
  14 frilled lizards
  18 kobolds
  2 quokka skeletons
  7 rats
  2 fungi (Lair:5)
  4 plants (D:6)
664 creatures vanquished.

Vanquished Creatures (others)
  A centaur warrior (D:9)
  A gargoyle (Volcano)
  3 slaves (D:5)
  3 centaurs
  A bullfrog (D:6)
  A scorpion (D:5)
  A howler monkey (D:5)
  An orc wizard (D:6)
  2 orcs (D:6)
  3 kobolds
17 creatures vanquished.

Grand Total: 681 creatures vanquished

Notes
Turn   | Place    | Note
-------+----------+-------------------------------------------
     0 | D:1      | galech the Deep Dwarf Fighter began the quest for the Orb.
     0 | D:1      | Reached XP level 1. HP: 20/20 MP: 1/1
   100 | D:1      | Reached XP level 2. HP: 20/27 MP: 2/2
   488 | D:1      | Reached XP level 3. HP: 20/34 MP: 3/3
   611 | D:2      | Found a sparkling altar of Nemelex Xobeh.
   977 | D:2      | Reached XP level 4. HP: 19/42 MP: 4/4
  1610 | D:3      | Found a glowing drain.
  1633 | Sewer    | Entered a sewer
  1700 | Sewer    | Reached XP level 5. HP: 38/49 MP: 5/5
  2070 | Sewer    | Reached XP level 6. HP: 35/57 MP: 6/6
  2090 | Sewer    | Reached skill level 5 in Armour
  2344 | D:3      | You fall through a shaft for 2 floors!
  2344 | D:5      | Entered Level 5 of the Dungeon
  2344 | D:5      | Noticed Pikel
  2344 | D:5      | Noticed a slave
  2344 | D:5      | Noticed a slave
  2344 | D:5      | Noticed a slave
  2344 | D:5      | Noticed a slave
  2344 | D:5      | Noticed Prince Ribbit
  2382 | D:5      | Killed a slave
  2405 | D:5      | Killed Pikel
  2405 | D:5      | Reached skill level 5 in Axes
  2405 | D:5      | Reached skill level 5 in Shields
  2405 | D:5      | Reached XP level 7. HP: 27/66 MP: 7/7
  2445 | D:4      | Found Tafeacon's Book Shop.
  2768 | D:4      | Reached XP level 8. HP: 41/73 MP: 6/6
  2878 | D:4      | Found a staircase to the Ecumenical Temple.
  2906 | Temple   | Entered the Ecumenical Temple
  2956 | Temple   | Became a worshipper of Makhleb the Destroyer
  3258 | D:4      | Killed Prince Ribbit
  3258 | D:4      | Reached skill level 5 in Fighting
  4180 | D:5      | Found a shadowy altar of Dithmenos.
  4282 | D:5      | Noticed Blork the orc
  4299 | D:5      | Killed Blork the orc
  4719 | D:5      | Gained mutation: You passively map the area around you. [Deep Dwarf growth]
  4719 | D:5      | Reached XP level 9. HP: 64/82 MP: 6/6
  4872 | D:6      | Found a shimmering altar of Xom.
  5021 | D:6      | Reached * piety under Makhleb
  5190 | D:6      | Noticed Eustachio
  5213 | D:6      | Killed Eustachio
  5308 | D:6      | Got a translucent spear
  5309 | D:6      | Identified the +1 spear of Severance {drain, Int+7} (You found it on level 6 of the Dungeon)
  5699 | D:6      | Reached ** piety under Makhleb
  6158 | D:7      | Found Zofomoing's General Store.
  6159 | D:7      | Found Meexzyrgh's Distillery.
  6169 | D:7      | Bought a +3 amulet of reflection for 400 gold pieces
  6231 | D:7      | Noticed Joseph
  6249 | D:7      | Killed Joseph
  6297 | D:7      | Noticed a hill giant
  6320 | D:7      | Killed a hill giant
  6320 | D:7      | Reached XP level 10. HP: 28/92 MP: 7/7
  6359 | D:7      | Found Saeshrosm's Assorted Antiques.
  6491 | D:7      | Found Kakykief's Magic Scroll Shop.
  6571 | D:7      | Noticed Duvessa
  6571 | D:7      | Noticed Dowan
  6607 | D:7      | Killed Duvessa
  6665 | D:7      | Killed Dowan
  6665 | D:7      | Reached *** piety under Makhleb
  6829 | D:8      | Found Fosyv's Distillery.
  6881 | D:8      | Found an iron altar of Okawaru.
  6959 | D:8      | Noticed galech's ghost (novice TrMo)
  7603 | D:8      | Found a staircase to the Lair.
  7652 | D:8      | Found a shadowy altar of Dithmenos.
  7718 | D:8      | Found a shattered altar of Ashenzari.
  7726 | D:8      | Found a hazy altar of Hepliaklqana.
  7842 | Lair:1   | Entered Level 1 of the Lair of Beasts
  7892 | Lair:1   | Noticed a spiny frog
  7902 | Lair:1   | Killed a spiny frog
  7963 | Lair:1   | Noticed a spiny frog
  7978 | Lair:1   | Killed a spiny frog
  8115 | Lair:1   | Noticed Fannar
  8116 | Lair:1   | Noticed a spiny frog
  8122 | Lair:1   | Reached skill level 10 in Armour
  8136 | Lair:1   | Killed a spiny frog
  8214 | Lair:1   | Killed Fannar
  8214 | Lair:1   | Reached skill level 10 in Shields
  8214 | Lair:1   | Reached XP level 11. HP: 63/103 MP: 3/3
  9114 | D:9      | Noticed Gastronok
  9139 | D:9      | Noticed a centaur warrior
  9143 | D:9      | Killed a centaur warrior
  9145 | D:9      | Killed Gastronok
  9145 | D:9      | Reached skill level 10 in Axes
  9472 | D:9      | Reached **** piety under Makhleb
  9621 | D:9      | Noticed an obsidian statue
  9631 | D:9      | Noticed a sun demon
  9646 | D:9      | Gained mutation: You tend to lose your temper in combat. [a neqoxec]
  9651 | D:9      | Noticed a sixfirhy
  9660 | D:9      | Killed an obsidian statue
  9753 | D:9      | Gained mutation: Your muscles are strong. (Str +2) [mutagenic meat]
  9754 | D:9      | Gained mutation: You have supernaturally acute eyesight. (SInv) [mutagenic meat]
  9793 | D:10     | Entered Level 10 of the Dungeon
  9793 | D:10     | Found Exerphot's Food Emporium.
  9860 | D:10     | Got a fine flail
  9861 | D:10     | Identified the cursed +3 flail of Capital Punishment {freeze, MR+ Dex+2} (You found it on level 10 of the Dungeon)
  9927 | D:10     | Noticed Grum
  9935 | D:10     | Killed Grum
 10010 | D:10     | Gained mutation: You have a pair of small horns on your head. [mutagenic meat]
 10012 | D:10     | Gained mutation: You are agile. (Dex +2) [mutagenic meat]
 10013 | D:10     | Lost mutation: Your muscles are strong. (Str +2) [mutagenic meat]
 10014 | D:10     | Gained mutation: You have very sharp teeth. [mutagenic meat]
 10286 | D:10     | Noticed a purple ugly thing
 10300 | D:10     | Killed a purple ugly thing
 10812 | D:10     | Noticed a centaur warrior
 10820 | D:10     | Killed a centaur warrior
 10935 | D:11     | Noticed a six-headed hydra
 10976 | D:11     | Found Iliqekh's Armour Shoppe.
 11020 | D:11     | Found a staircase to the Orcish Mines.
 11029 | D:11     | Noticed a skeletal warrior
 11030 | D:11     | Noticed a phantasmal warrior
 11033 | D:11     | Noticed a death knight
 11042 | D:11     | HP: 4/106 [freezing wraith[a death knight] (11)]
 11044 | D:12     | HP: 1/106 [phantasmal warrior[a death knight] (21)]
 11059 | D:12     | Killed a phantasmal warrior
 11059 | D:12     | Reached XP level 12. HP: 68/115 MP: 1/1
 11143 | D:12     | Killed a death knight
 11390 | D:11     | Found Ynteusch's Jewellery Shop.
 11405 | D:11     | Noticed a five-headed hydra
 11617 | D:12     | Reached skill level 10 in Fighting
 11947 | D:11     | Found Ampyonul's Distillery.
 12017 | D:11     | Killed a 19-headed hydra
 12053 | D:11     | Found Eshrifut's Magic Scroll Shoppe.
 12101 | D:11     | Bought a scroll of recharging for 104 gold pieces
 12101 | D:11     | Bought a scroll of identify for 22 gold pieces
 12101 | D:11     | Bought a scroll of enchant weapon for 82 gold pieces
 12101 | D:11     | Bought a scroll of identify for 22 gold pieces
 12101 | D:11     | Bought a scroll of identify for 22 gold pieces
 12214 | D:11     | Found Feboisaf's Assorted Antiques.
 12352 | D:11     | Reached ***** piety under Makhleb
 12473 | Orc:1    | Entered Level 1 of the Orcish Mines
 12645 | Orc:2    | Entered Level 2 of the Orcish Mines
 12645 | Orc:2    | Noticed an orc high priest
 12654 | Orc:2    | Killed an orc high priest
 12856 | Orc:2    | Noticed an ogre mage
 12856 | Orc:2    | Noticed an ogre mage
 12857 | Orc:2    | Found Bopac's Gadget Boutique.
 12857 | Orc:2    | Found Poekh's Gadget Emporium.
 12858 | Orc:2    | Paralysed by an ogre mage for 5 turns
 12860 | Orc:2    | Noticed an ogre mage
 12861 | Orc:2    | Noticed an ogre mage
 12878 | Orc:2    | Killed an ogre mage
 12881 | Orc:2    | Reached XP level 13. HP: 89/124 MP: 1/1
 12947 | Orc:2    | Found Ykliman's General Store.
 12947 | Orc:2    | Found Opureyfoe's Food Shoppe.
 13101 | Orc:2    | Found a dark tunnel.
 13110 | Volcano  | Entered a volcano
 13155 | Volcano  | Upgraded the game from 0.19.1 to 0.19.1-1-g22dce08
 13348 | Volcano  | Found a burning altar of Makhleb.
 13653 | Orc:2    | Found a staircase to the Elven Halls.
 14105 | Orc:1    | Found a roughly hewn altar of Beogh.
 14355 | Orc:2    | Bought a scroll of acquirement for 728 gold pieces
 15263 | Lair:2   | Reached ****** piety under Makhleb
 15341 | Lair:3   | Found a staircase to the Snake Pit.
 15698 | Lair:3   | Got a polished chain mail
 15714 | Lair:3   | Identified the +1 chain mail of the Frog {+Inv rC+ Dex-5} (You found it on level 3 of the Lair of Beasts)
 15848 | Lair:4   | Gained mutation: You resist negative energy. (rN+) [Deep Dwarf growth]
 15848 | Lair:4   | Reached XP level 14. HP: 135/135 MP: 2/2
 15946 | Lair:4   | Noticed Apogee's ghost (journeyman MiFi)
 16063 | Lair:5   | Found a staircase to the Slime Pits.
 16066 | Lair:5   | Found a viscous altar of Jiyva.
 16173 | Lair:4   | Killed Apogee's ghost
 16475 | Lair:4   | Found a staircase to the Swamp.
 16752 | Snake:1  | Entered Level 1 of the Snake Pit
 16939 | Snake:1  | Noticed Aizul
 16969 | Snake:1  | Killed Aizul
 17770 | Snake:1  | Killed from afar by a shock serpent

Skill      XL: |  1  2  3  4  5  6  7  8  9 10 11 12 13 14 |
---------------+-------------------------------------------+-----
Fighting       | 3 4 5 6 8 9 10 11 12 | 12.4
Axes           | 3 4 5 6 8 9 10 12 13 14 | 14.3
Shields        | 4 5 7 8 10 11 12 13 14 | 14.5
Armour         | 4 5 6 7 8 10 11 12 13 14 | 14.6

Action                   |  1- 3 |  4- 6 |  7- 9 | 10-12 | 13-15 || total
-------------------------+-------+-------+-------+-------+-------++-------
Melee: War axe           |   115 |   322 |   568 |    21 |   620 ||  1646
       Broad axe         |       |       |       |   950 |   214 ||  1164
       Headbutt          |       |       |       |   128 |   201 ||   329
       Bite              |       |       |       |    81 |   132 ||   213
 Abil: Device Recharging |       |       |     3 |     9 |       ||    12
Evoke: Wand              |       |     4 |     9 |    46 |    13 ||    72
  Use: Scroll            |       |     1 |     1 |    18 |    10 ||    30
       Potion            |       |       |       |     3 |     1 ||     4
  Eat: Chunk             |       |     6 |    12 |    27 |    14 ||    59
       Royal jelly       |       |       |     1 |     1 |     1 ||     3
       Pizza             |       |       |     1 |       |       ||     1
       Bread ration      |       |       |       |     2 |       ||     2
       Beef jerky        |       |       |       |     1 |     1 ||     2
       Fruit             |       |       |       |     1 |       ||     1
Armor: Plate armour      |    72 |   257 |   266 |   654 |   326 ||  1575
       Chain mail        |       |       |       |       |    50 ||    50
Dodge: Dodged            |    24 |    53 |    92 |   312 |   232 ||   713
Block: Shield            |    78 |   230 |   315 |   217 |       ||   840
       Reflection        |       |       |     4 |    37 |    33 ||    74
       Large shield      |       |       |       |  1074 |  1060 ||  2134
